Description

Credits to Harstem VOD: https://www.youtube.com/watch?v=lY8aKMTFN7A

It's a vs zerg build, but i tend to practise it vs X.

I just did the build order and timings from the VOD.

VOD

https://www.youtube.com/watch?v=lY8aKMTFN7A

Build Order

Get SALT Encoding   

  14  0:20  Pylon  
  16  0:40  Nexus (Chrono Boost)  
  16  0:41  Gateway  
  17  0:50  Assimilator  
  20  1:29  Nexus  
  20  1:38  Cybernetics Core  
  21  1:48  Assimilator  
  22  1:58  Pylon  
  23  2:14  Warp Gate  
  25  2:16  Adept (Chrono Boost)  
  26  2:24  Robotics Facility  
  29  2:36  Stalker  
  30  2:40  Action  pull 4 workers from gas in main to natural
  33  2:56  Gateway  
  33  3:05  Gateway  
  33  3:08  Gateway  
  35  3:18  Warp Prism (Chrono Boost)  
  35  3:24  Gateway  
  37  3:31  Pylon  
  39  3:50  Pylon  
  48  4:03  Stalker  warp in 4 stalkers
  48  4:11  Pylon  
  49  4:17  Pylon  
  55  4:23  Zealot  warp in 3 zealots
  58  4:27  Stalker  warp in 1 stalker
Spawning Tool Build Advisor. Get it on Overwolf

Analysis

TIMINGS: at 58 supplies around 4:30 - 5 Stalkers, 3 Zealots in front of opponents natural.

Go to:

Details

  • Created by: Ziex
  • Published on: Sep 22, 2025
  • Modified on: Sep 22, 2025
  • Patch: 5.0.11
  • Difficulty: Easy
Show
View Real Time Build Order
Export as new Build Order

Comments (0)

There are no comments. Be the first!

Create an account to comment!